 Dungeon Crawl Stone Soup version 0.24.0 (webtiles) character file.

Game seed: 7926747995956746056, levelgen mode: deterministic

153 Buxparty the Shield-Bearer (level 5, 0/33 HPs)
             Began as a Gargoyle Fighter on Mar 8, 2020.
             Slain by an ogre
             ... wielding a +0 giant spiked club
              (20 damage)
             ... on level 3 of the Dungeon.
             The game lasted 00:04:33 (2308 turns).

Buxparty the Shield-Bearer (Gargoyle Fighter)       Turns: 2308, Time: 00:04:34

Health: 0/33       AC: 12    Str: 20    XL:     5   Next: 35%
Magic:  5/5        EV:  7    Int:  9    God:
Gold:   213        SH:  9    Dex:  9    Spells: 4/4 levels left

rFire    . . .     SeeInvis .   a - +0 war axe
rCold    . . .     Gourm    .   c - +0 shield
rNeg     + . .     Faith    .   b - +0 scale mail
rPois    ∞         Spirit   .   e - +0 helmet
rElec    +         Reflect  .   (no cloak)
rCorr    .         Harm     .   (no gloves)
MR       .....                  (no boots)
Stlth    ..........             (no amulet)
HPRegen  0.11/turn              (no ring)
MPRegen  0.09/turn              (no ring)

@: no status effects
A: negative energy resistance 1, electricity resistance, unbreathing,
petrification resistance, rot immunity, AC +4
a: no special abilities


You were on level 3 of the Dungeon.
You were hungry.

You visited 1 branch of the dungeon, and saw 4 of its levels.

You collected 213 gold pieces.

Inventory:

Hand Weapons
 a - a +0 war axe (weapon)
Armour
 b - a +0 scale mail (worn)
 c - a +0 shield (worn)
 e - a +0 helmet (worn)
Jewellery
 m - an uncursed ring of protection from cold {unknown}
Scrolls
 g - 8 scrolls of identify {unknown}
 i - a scroll of enchant armour {unknown}
 k - 2 scrolls of teleportation {unknown}
 l - a scroll of amnesia {unknown}
 n - 2 scrolls of magic mapping {unknown}
 p - a scroll of blinking {unknown}
Potions
 d - a potion of might
 h - a potion of lignification {unknown}
 j - a potion of resistance {unknown}
 o - 2 potions of flight {unknown}
 r - a potion of cancellation {unknown}
 s - 2 potions of curing {unknown}
 t - 3 potions of haste
Comestibles
 f - 7 rations


   Skills:
 + Level 4.1 Fighting
 * Level 3.4 Axes
 + Level 4.1 Armour
 + Level 4.1 Shields


You had 4 spell levels left.
You didn't know any spells.
Your spell library was empty.

Dungeon Overview and Level Annotations

Branches:
Dungeon (4/15)
 Temple: D:4-7

Altars:
Cheibriados
Elyvilon
Hepliaklqana
Okawaru
Uskayaw
Vehumet
Xom
Yredelemnul


Innate Abilities, Weirdness & Mutations

You are resistant to torment.
Your stone body is resilient. (AC +4)
You are immune to poison.
You resist negative energy. (rN+)
You are resistant to electric shocks. (rElec)
You can survive without breathing.
You are immune to petrification.
You are immune to rotting.


Message History

Things that are here:
a +0 leather armour; an orc corpse You start resting.
You are feeling hungry.
You start resting.
HP restored.
There is a stone staircase leading down here.
You climb downwards.
You block the ogre's attack.
There is a stone staircase leading up here.
The ogre hits you with a +0 giant spiked club.
You climb upwards.
There is a stone staircase leading down here.
Your shield and scale mail prevent you from hitting the ogre.
The ogre hits you with a +0 giant spiked club!
Your shield and scale mail prevent you from hitting the ogre.
The ogre closely misses you.
You hit the ogre but do no damage.
The ogre hits you with a +0 giant spiked club!!
Ouch! That really hurt!
You die...

##### #########O..########
#.........@........#
#######.#######...####.#.#
........########.## #.#.########
##...............#####...........
#.##############.........######.
##.# ##.....(.....######..# #.
...# #..########### #..# #. ####
#.## ######## #..# #. # #.#
#......#####..# #.


You could see an ogre.

Vanquished Creatures
  A gnoll (D:1)
  6 adders
  3 oozes
  A worm (D:3)
  A dart slug (D:2)
  3 leopard geckos (D:3)
  10 orcs
  2 ball pythons (D:2)
  A giant cockroach (D:3)
  6 goblins
  4 hobgoblins
  5 jackals
  A quokka (D:2)
  2 bats
  A frilled lizard (D:3)
  8 kobolds
  4 rats
59 creatures vanquished.

Notes
Turn   | Place    | Note
-------+----------+-------------------------------------------
     0 | D:1      | Buxparty the Gargoyle Fighter began the quest for the Orb.
     0 | D:1      | Reached XP level 1. HP: 14/14 MP: 1/1
   192 | D:1      | Reached XP level 2. HP: 16/19 MP: 2/2
   556 | D:2      | Reached XP level 3. HP: 20/23 MP: 3/3
   738 | D:2      | Found a hazy altar of Hepliaklqana.
   929 | D:2      | Reached XP level 4. HP: 20/29 MP: 4/4
  1226 | D:2      | Found a basalt altar of Yredelemnul.
  1229 | D:2      | Found an iron altar of Okawaru.
  1235 | D:2      | Found a radiant altar of Vehumet.
  1599 | D:3      | Reached XP level 5. HP: 25/33 MP: 5/5
  2044 | D:4      | Found a hazy altar of Hepliaklqana.
  2046 | D:4      | Found a hide-covered altar of Uskayaw.
  2046 | D:4      | Found a radiant altar of Vehumet.
  2048 | D:4      | Found a white marble altar of Elyvilon.
  2048 | D:4      | Found a shimmering altar of Xom.
  2048 | D:4      | Found a snail-covered altar of Cheibriados.
  2068 | D:4      | Noticed an ogre
  2308 | D:3      | Slain by an ogre

Levels and vault maps discovered:
D:1:      lightli_arrival_lavapool, layout_basic, serial_glass, glass_columns_c,
          glass_columns_b, glass_columns_b, glass_columns_a, glass_columns_a
D:2:      minmay_chambers_of_ones, layout_basic, lemuel_crystal_altar,
          grunt_temple_overflow_diamond, minmay_pentomino_u4
D:3:      layout_loops_ring, first_ration, chequers_serial_rivers_marsh,
          minmay_increasing_density
D:4:      layout_loops_ring, doesnt_xom_only_xom, minmay_divided_ellipse
